 Dungeon Crawl Stone Soup version 0.18-a0-1126-ga2d7f46 (webtiles) character file.

127543 namelastname112 the Unseen (level 16, 14/96 HPs)
             Began as a Vampire Enchanter on Jan 20, 2016.
             Was an Initiate of Gozag.
             Quit the game on level 1 of the Swamp on Jan 21, 2016.
             The game lasted 01:43:56 (83457 turns).

namelastname112 the Unseen (Vampire Enchanter)     Turns: 83457, Time: 01:43:57

Health: 14/96      AC: 18    Str:  9    XL:     16   Next: 46%
Magic:  7/30       EV: 14    Int: 19    God:    Gozag
Gold:   1482       SH:  9    Dex: 22    Spells: 5 memorised, 18 levels left

rFire  + . .     SeeInvis +     h - +6 dagger (vamp)
rCold  + + +     Gourm    .     I - +0 ring mail of Music {rPois Str+2}
rNeg   + + +     Faith    .     S - +2 buckler of the Equinox {rC+ Dex+2 Slay+2}
rPois  ∞         Spirit   .     L - +1 helmet
rElec  +         Dismiss  .     M - +1 cloak of Ennui {rElec rF+ Stlth+}
rCorr  .         Reflect  .     Q - +2 pair of gloves
SustAt .         Harm     .     U - +2 pair of boots {Stlth+}
MR     +....                    (no amulet)
Stlth  ++++++++++               p - ring of protection from cold
                                w - ring of stealth

@: grasped by roots, bloodless, non-regenerating, very slow, somewhat resistant
to hostile enchantments, uncannily stealthy
A: fangs 3, see invisible, unbreathing
a: Bat Form, Potion Petition, Call Merchant, Bribe Branch, Renounce Religion


You were on level 1 of the Swamp.
You worshipped Gozag.
Gozag was noncommittal.
You were bloodless.

You visited 6 branches of the dungeon, and saw 28 of its levels.

You collected 11466 gold pieces.
You spent 424 gold pieces at shops.
You paid 9560 gold pieces to Gozag.

Inventory:

Hand Weapons
 h - a +6 vampiric dagger (weapon)
 r - a +0 blowgun
 s - a +0 dagger of electrocution
 v - a +6 quick blade
Missiles
 t - 81 poisoned needles
 W - 6 curare-tipped needles
Armour
 I - the +0 ring mail of Music (worn) {rPois Str+2}
   (You found it on level 7 of the Dungeon)

   It affects your strength (+2).
   It protects you from poison.
 L - a +1 helmet (worn)
 M - the +1 cloak of Ennui (worn) {rElec rF+ Stlth+}
   (You acquired it on level 14 of the Dungeon)

   It protects you from fire.
   It insulates you from electricity.
   It makes you more stealthy.
 Q - a +2 pair of gloves (worn)
 S - the +2 buckler of the Equinox (worn) {rC+ Dex+2 Slay+2}
   (You bought it in a shop on level 2 of the Orcish Mines)

   It affects your dexterity (+2).
   It affects your accuracy and damage with ranged weapons and melee attacks
   (+2).
   It protects you from cold.
 U - a +2 pair of boots of stealth (worn)
Jewellery
 p - a ring of protection from cold (right hand)
 w - a ring of stealth (left hand)
Wands
 g - a wand of paralysis (4/24)
 o - a wand of disintegration (9/24)
 A - a wand of digging (13/24)
 D - a wand of lightning (4/15)
 H - a wand of confusion (14/48)
 J - a wand of draining (9/15)
 R - a wand of confusion (14/48)
 T - a wand of cold (9/15)
 X - a wand of confusion (8/48)
Scrolls
 d - 3 scrolls of identify
 e - 5 scrolls of fog
 f - a scroll of enchant weapon
 i - 6 scrolls of teleportation
 k - 7 scrolls of remove curse
 n - 4 scrolls of recharging
 u - 4 scrolls of blinking
 z - 4 scrolls of enchant armour
 F - 2 scrolls of fear
Potions
 a - a potion of invisibility
 b - a potion of berserk rage
 j - 3 potions of resistance
 l - 2 potions of haste
 q - 2 potions of cancellation
 y - a potion of magic {unknown}
 B - 3 potions of cure mutation
 C - 4 potions of flight
 G - 5 potions of heal wounds
 K - 2 potions of agility {unknown}
 P - 5 potions of curing
 Z - 2 potions of might
Books
 c - a book of Maledictions

   Spells                             Type                      Level
   a - Corona                         Hexes                        1
   b - Ensorcelled Hibernation        Hexes/Ice                    2
   c - Confuse                        Hexes                        3
   d - Tukima's Dance                 Hexes                        3
   e - Dazzling Spray                 Conjuration/Hexes            3
 m - a book of Death

   Spells                             Type                      Level
   a - Corpse Rot                     Necromancy                   2
   b - Sublimation of Blood           Necromancy                   2
   c - Agony                          Necromancy                   5
   d - Dispel Undead                  Necromancy                   5
   e - Excruciating Wounds            Charms/Necromancy            5
   f - Bolt of Draining               Conjuration/Necromancy       5
 x - a book of the Tempests

   Spells                             Type                      Level
   a - Static Discharge               Conjuration/Air              3
   b - Lightning Bolt                 Conjuration/Air              5
   c - Fireball                       Conjuration/Fire             5
   d - Tornado                        Air                          9
   e - Shatter                        Earth                        9
 E - a book of the Dragon

   Spells                             Type                      Level
   a - Flame Tongue                   Conjuration/Fire             1
   b - Cause Fear                     Hexes                        4
   c - Bolt of Fire                   Conjuration/Fire             6
   d - Dragon Form                    Transmutation                7
   e - Dragon's Call                  Summoning                    9
 N - a book of Dreams

   Spells                             Type                      Level
   a - Ensorcelled Hibernation        Hexes/Ice                    2
   b - Phase Shift                    Translocation                5
   c - Silence                        Hexes/Air                    5
   d - Darkness                       Hexes                        6
   e - Mass Confusion                 Hexes                        6
   f - Shadow Creatures               Summoning                    6
 O - a Necronomicon

   Spells                             Type                      Level
   a - Haunt                          Necromancy/Summoning         7
   b - Borgnjor's Revivification      Necromancy                   8
   c - Death's Door                   Charms/Necromancy            8
   d - Necromutation                  Transmutation/Necromancy     8
 V - a book of the Earth

   Spells                             Type                      Level
   a - Leda's Liquefaction            Hexes/Earth                  4
   b - Bolt of Magma                  Conjuration/Fire/Earth       5
   c - Statue Form                    Transmutation/Earth          6
   d - Iron Shot                      Conjuration/Earth            6
   e - Shatter                        Earth                        9
 Y - a book of Ice

   Spells                             Type                      Level
   a - Ice Form                       Ice/Transmutation            4
   b - Metabolic Englaciation         Hexes/Ice                    5
   c - Ozocubu's Refrigeration        Ice                          6
   d - Bolt of Cold                   Conjuration/Ice              6
   e - Freezing Cloud                 Conjuration/Ice/Air          6
   f - Simulacrum                     Ice/Necromancy               6


   Skills:
 - Level 12.1 Short Blades
 - Level 9.5 Armour
 - Level 12.5 Dodging
 - Level 16.8 Stealth
 * Level 6.8 Shields
 - Level 10.9 Spellcasting
 - Level 15.8 Hexes
 + Level 4.4 Summonings
 + Level 3.2 Necromancy
 - Level 8.4 Evocations


You had 18 spell levels left.
You knew the following spells:

 Your Spells              Type           Power        Failure   Level  Hunger
a - Tukima's Dance        Hex            ######..     1%          3    None
b - Haunt                 Necr/Summ      ####......   100%        7    #######
c - Dazzling Spray        Conj/Hex       #####...     1%          3    None
x - Confuse               Hex            ######..     1%          3    None
z - Ensorcelled Hibernat  Hex/Ice        #####.       1%          2    None


Dungeon Overview and Level Annotations

Branches:
Dungeon (15/15)            Temple (1/1) D:5            Lair (8/8) D:9
  Swamp (1/4) Lair:6       Spider (1/4) Lair:6        Slime (0/6) Lair:8
    Orc (2/2) D:9             Elf (0/3) Orc:2        Vaults (0/5) D:14
 Depths: D:15

Altars:
Cheibriados
Dithmenos
Elyvilon
Fedhas
Gozag
Kikubaaqudgha
Nemelex Xobeh
Okawaru
Pakellas
Sif Muna
Trog
Vehumet
The Shining One

Shops:
D:9 *   Orc:2 ?%!*[   Lair:1 =(?}(}:

Annotations:
D:13 Borgoz's ghost, journeyman SpAs
Spider:1 Azrael


Innate Abilities, Weirdness & Mutations

You do not heal naturally.
You are immune to poison.
You have razor-sharp teeth.
You have supernaturally acute eyesight.
You can survive without breathing.


Message History

The shambling mangrove is lightly damaged.
The spriggan rider hits you from afar with a spear of venom!
Casting: Dazzling Spray
Confirm with . or Enter, or press ? or * to list all spells.
Aiming: Dazzling Spray
Press: ? - help, Shift-Dir - straight line, f/p - spriggan rider
Aim: a spriggan rider, wielding a spear of venom and wearing a buckler (moderately wounded)
The spray of energy hits the shambling mangrove.
The shambling mangrove is lightly damaged.
The spriggan rider barely misses you. The shambling mangrove hits you!
Casting: Dazzling Spray
Confirm with . or Enter, or press ? or * to list all spells.
Aiming: Dazzling Spray
Press: ? - help, Shift-Dir - straight line, f/p - spriggan rider
Aim: a spriggan rider, wielding a spear of venom and wearing a buckler (moderately wounded)
The spray of energy hits the shambling mangrove.
The shambling mangrove is moderately damaged.
The spriggan rider misses you. The shambling mangrove hits you!
* * * LOW HITPOINT WARNING * * *
Are you sure you want to abandon this character and quit the game? (Confirm with "yes".)

♣...≈≈≈≈..♣♣♣
♣♣.
♣♣.≈≈≈≈...♣♣
♣. ♣≈..≈≈.....
♣≈ ♣♣♣.≈≈≈≈≈≈≈
.. ♣♣.≈≈≈≈≈≈≈
..≈
♣♣≈.≈≈≈≈≈≈≈
..≈
♣......≈... .
♣♣♣♣.≈≈.≈≈≈♣.
♣.@≈.≈≈.≈≈≈..
♣♣f≈≈≈..≈≈≈≈≈
..i≈≈≈.≈....≈
♣.≈≈≈≈≈.♣♣....
♣§.≈≈≈...≈♣♣.
♣♣§..≈...≈.
♣≈........≈
♣....≈.♣♣♣♣


You could see a shambling mangrove and a spriggan rider.

Vanquished Creatures
  A fire giant (D:9)
  A dire elephant (Lair:8)
  Snorg (Lair:8)
  A fire dragon (D:1)
  3 vault guards (D:14)
  Josephine (Lair:5)
  4 ogre magi (Orc:2)
  Fannar (Lair:1)
  8 hydras
  The ghost of M4edhros the Covert, a journeyman OpAr of Pakellas (Lair:4)
  2 catoblepae
  An alligator (Lair:6)
  A satyr (shapeshifter) (D:9)
  2 deep troll earth magi (D:1)
  4 deep troll shamans
  Urug (Lair:2)
  28 death yaks
  Nergalle (Lair:2)
  Sonja (D:10)
  5 skeletal warriors (D:11)
  5 deep trolls (D:1)
  3 unseen horrors
  7 hill giants
  Pikel (D:7)
  A deep elf archer (D:9)
  4 ugly things
  A wolf spider (Spider:1)
  2 deep elf magi
  An orc knight (Orc:1)
  3 orc sorcerers (Orc:1)
  2 manticores
  2 cyclopes (D:13)
  2 griffons
  3 centaur zombies
  25 elephants
  5 black mambas
  Joseph (D:8)
  8 spiny frogs
  The ghost of WhatIsLove the Ducker, a novice DsMo of Cheibriados (D:5)
  2 torpor snails
  A centaur skeleton (D:11)
  A gargoyle (D:15)
  10 komodo dragons
  A yaktaur (D:1)
  3 kobold demonologists
  6 fire drakes
  A demonic crawler (Spider:1)
  15 two-headed ogres
  9 trolls
  2 polar bears
  A giant leech (Swamp:1)
  Prince Ribbit (D:8)
  8 slime creatures
  17 blink frogs
  2 shadows
  2 fire elementals
  2 redbacks (Spider:1)
  3 water elementals (D:14)
  5 wraiths
  62 yaks
  A tarantella (Spider:1)
  3 fire bats (Lair:7)
  3 wyverns
  3 basilisks
  2 vampire mosquitoes (D:12)
  11 hippogriffs
  A steam dragon (Lair:6)
  12 wolves
  2 swamp worms (Swamp:1)
  2 soldier ants
  5 insubstantial wisps (Swamp:1)
  4 hell hounds (Spider:1)
  5 wargs
  17 water moccasins
  A swamp drake (Swamp:1)
  15 orc warriors
  13 porcupines
  An ice beast (D:12)
  4 slaves (D:7)
  6 black bears
  An eye of draining (D:11)
  39 ogres
  5 phantoms
  A sky beast (D:12)
  A wasp (D:11)
  A necrophage (D:9)
  5 boggarts (D:14)
  22 crocodiles
  11 centaurs
  Blork the orc (D:8)
  2 big kobolds
  3 gnoll sergeants
  19 giant frogs
  2 wyvern skeletons
  9 scorpions
  17 killer bees
  The ghost of WhatIsLove the Ducker, a weakling DsGl (D:3)
  3 wights (D:10)
  3 electric eels (D:14)
  5 crimson imps
  4 giant frog zombies
  14 orc wizards
  5 hounds
  11 jellies
  15 orc priests
  4 giant frog skeletons
  Natasha (thrice) (D:2)
  6 iguanas
  13 worker ants
  18 sheep
  3 hound skeletons
  3 worker ant zombies
  3 gnolls (D:2)
  14 adders
  131 river rats
  6 shadow imps
  6 oozes
  2 adder skeletons (D:6)
  A worm (D:6)
  11 giant geckos
  50 orcs
  5 ball pythons
  15 giant cockroaches
  10 goblins
  4 hobgoblins
  11 jackals
  6 quokkas
  14 bats
  A giant cockroach zombie (D:5)
  A giant gecko skeleton (D:6)
  7 giant newts
  2 jackal skeletons
  19 kobolds
  A quokka skeleton (D:6)
  A quokka zombie (D:5)
  25 rats
  A fungus (Lair:7)
1007 creatures vanquished.

Vanquished Creatures (collateral kills)
  An orc warlord (Orc:1)
  A vault guard (D:14)
  An orc warrior (Orc:1)
  A wasp (D:14)
  An orc wizard (Orc:1)
  An orc priest (Orc:1)
  An orc (Orc:1)
7 creatures vanquished.

Vanquished Creatures (others)
  3 dancing weapons (D:11)
  A centaur skeleton (D:14)
  A swamp drake (Swamp:1)
  An ogre (Orc:2)
  2 orcs (Orc:1)
  A kobold (D:7)
  A bush (Lair:6)
  26 fungi
  24 plants
60 creatures vanquished.

Grand Total: 1074 creatures vanquished

Notes
Turn   | Place    | Note
--------------------------------------------------------------
     0 | D:1      | namelastname112 the Vampire Enchanter began the quest for the Orb.
     0 | D:1      | Reached XP level 1. HP: 13/13 MP: 3/3
   536 | D:1      | Reached XP level 2. HP: 19/19 MP: 5/5
   546 | D:1      | Learned a level 2 spell: Ensorcelled Hibernation
   899 | D:2      | Reached XP level 3. HP: 11/24 MP: 0/6
  1196 | D:2      | Noticed Natasha
  1217 | D:2      | Killed Natasha
  1217 | D:2      | Reached skill level 5 in Hexes
  1329 | D:2      | Learned a level 3 spell: Confuse
  1357 | D:2      | Reached skill level 5 in Stealth
  1357 | D:2      | Reached XP level 4. HP: 13/30 MP: 4/7
  1471 | D:2      | Found a white marble altar of Elyvilon.
  1480 | D:2      | Found a snail-covered altar of Cheibriados.
  1482 | D:2      | Found an ancient bone altar of Kikubaaqudgha.
  1578 | D:2      | Noticed Natasha
  1585 | D:2      | Killed Natasha
  1824 | D:3      | Noticed WhatIsLove's ghost (weakling DsGl)
  1827 | D:3      | Reached XP level 5. HP: 35/35 MP: 5/9
  1828 | D:3      | Noticed Natasha
  1843 | D:3      | Killed WhatIsLove's ghost
  1866 | D:2      | Killed Natasha
  2035 | D:3      | Reached skill level 6 in Stealth
  2604 | D:4      | Found a shadowy altar of Dithmenos.
  2646 | D:4      | Reached XP level 6. HP: 41/41 MP: 7/10
  2689 | D:4      | Found an oddly glowing altar of Pakellas.
  3140 | D:4      | Reached skill level 7 in Stealth
  3625 | D:4      | Reached XP level 7. HP: 25/46 MP: 5/12
  3996 | D:5      | Entered Level 5 of the Dungeon
  4015 | D:5      | Noticed WhatIsLove's ghost (novice DsMo)
  4065 | D:4      | HP: 2/46 [poisoned by WhatIsLove's ghost]
  4074 | D:4      | HP: 1/46 [poisoned by WhatIsLove's ghost]
  4079 | D:4      | HP: 1/46 [poisoned by WhatIsLove's ghost]
  4856 | D:5      | Killed WhatIsLove's ghost
  4856 | D:5      | Reached skill level 5 in Dodging
  4856 | D:5      | Reached skill level 8 in Stealth
  4856 | D:5      | Reached XP level 8. HP: 52/52 MP: 10/14
  5062 | D:5      | Found a staircase to the Ecumenical Temple.
  5079 | D:5      | Reached skill level 5 in Short Blades
  5107 | Temple   | Entered the Ecumenical Temple
  5136 | Temple   | Became a worshipper of Gozag Ym Sagoz the Greedy
  5552 | D:6      | Found a bloodstained altar of Trog.
  5814 | D:6      | Reached skill level 9 in Stealth
  5986 | D:7      | Noticed Pikel
  6005 | D:7      | Killed Pikel
  6005 | D:7      | Reached skill level 5 in Spellcasting
  6005 | D:7      | Reached XP level 9. HP: 53/57 MP: 13/16
  6080 | D:7      | Found a radiant altar of Vehumet.
  6198 | D:7      | Got a fine ring mail
  6671 | D:6      | HP: 2/57 [scorpion (9)]
  6820 | D:7      | Reached skill level 1 in Armour
  6875 | D:7      | Reached skill level 10 in Stealth
  7057 | D:7      | Identified the cursed +0 ring mail of Music {rPois Str+2} (You found it on level 7 of the Dungeon)
  7208 | D:7      | Reached skill level 10 in Hexes
  7517 | D:8      | Reached XP level 10. HP: 61/63 MP: 4/19
  7660 | D:8      | Noticed Blork the orc
  7667 | D:8      | Killed Blork the orc
  7729 | D:8      | Noticed Prince Ribbit
  7737 | D:8      | Killed Prince Ribbit
  7895 | D:8      | Reached skill level 11 in Stealth
  8032 | D:8      | Found a blossoming altar of Fedhas.
  8032 | D:8      | Noticed Joseph
  8039 | D:8      | Killed Joseph
  8601 | D:9      | Found a staircase to the Lair.
  8827 | D:9      | Found a staircase to the Orcish Mines.
  9151 | D:10     | Entered Level 10 of the Dungeon
  9152 | D:10     | Noticed a hill giant
  9154 | D:10     | Killed a hill giant
  9649 | D:10     | Noticed a hill giant
  9773 | D:10     | Reached XP level 11. HP: 68/68 MP: 14/21
  9776 | D:10     | Killed a hill giant
  9815 | D:10     | Noticed Sonja
  9846 | D:10     | Killed Sonja
  9846 | D:10     | Reached skill level 12 in Stealth
 10606 | D:11     | Noticed a hill giant
 10613 | D:11     | Killed a hill giant
 10677 | D:11     | Noticed a skeletal warrior
 10677 | D:11     | Noticed a skeletal warrior
 10681 | D:11     | Killed a skeletal warrior
 10682 | D:11     | Noticed a skeletal warrior
 10682 | D:11     | Noticed a skeletal warrior
 10683 | D:11     | Killed a skeletal warrior
 10767 | D:10     | Learned a level 3 spell: Tukima's Dance
 10771 | D:10     | Learned a level 3 spell: Dazzling Spray
 11233 | D:11     | Noticed a hill giant
 11235 | D:11     | Killed a hill giant
 11267 | D:11     | Reached skill level 13 in Stealth
 11269 | D:11     | Reached skill level 5 in Armour
 11389 | D:11     | Noticed a skeletal warrior
 11471 | D:11     | Killed a skeletal warrior
 12196 | D:11     | Noticed a hill giant
 12214 | D:11     | Killed a hill giant
 12270 | D:11     | Noticed a green ugly thing
 12280 | D:11     | Killed a green ugly thing
 12280 | D:11     | Reached XP level 12. HP: 74/74 MP: 5/24
 12604 | Lair:1   | Entered Level 1 of the Lair of Beasts
 12607 | Lair:1   | Noticed Fannar
 12627 | Lair:1   | Killed Fannar
 13217 | Lair:1   | Noticed a five-headed hydra
 13230 | Lair:1   | Killed a five-headed hydra
 13415 | Lair:2   | Identified a scroll of acquirement
 13441 | Lair:2   | Noticed Nergalle
 13448 | Lair:2   | Killed Nergalle
 13448 | Lair:2   | Reached skill level 10 in Dodging
 13578 | Lair:2   | Noticed Urug
 13590 | Lair:2   | Killed Urug
 13590 | Lair:2   | Reached skill level 14 in Stealth
 14637 | Lair:3   | Reached skill level 10 in Short Blades
 14637 | Lair:3   | Reached XP level 13. HP: 79/79 MP: 18/26
 15016 | Lair:4   | Noticed M4edhros's ghost (journeyman OpAr)
 15258 | Lair:4   | Killed M4edhros's ghost
 15741 | Lair:5   | Noticed Josephine
 15842 | Lair:5   | Killed Josephine
 16794 | Lair:6   | Found a shadowy altar of Dithmenos.
 16845 | Lair:6   | Found a staircase to the Swamp.
 16856 | Lair:6   | Reached skill level 15 in Stealth
 17768 | Lair:6   | Found a hole to the Spider Nest.
 18350 | Lair:7   | Reached skill level 10 in Spellcasting
 18462 | Lair:7   | Reached XP level 14. HP: 85/85 MP: 17/28
 19005 | Lair:7   | Reached skill level 15 in Hexes
 19301 | Lair:7   | Reached skill level 16 in Stealth
 19856 | Lair:8   | Entered Level 8 of the Lair of Beasts
 19856 | Lair:8   | Found a staircase to the Slime Pits.
 20666 | Lair:8   | Noticed Snorg
 20717 | Lair:8   | Killed Snorg
 21381 | Lair:8   | Reached XP level 15. HP: 90/90 MP: 18/29
 21658 | Lair:8   | Reached skill level 1 in Evocations
 21850 | Lair:8   | Got a shimmering diamond amulet
 21853 | Lair:8   | Identified the amulet "Didghario" {Spirit rC+ Int+3} (You found it on level 8 of the Lair of Beasts)
 22524 | Orc:1    | Entered Level 1 of the Orcish Mines
 22524 | Orc:1    | Noticed an orc warlord
 23208 | Orc:1    | Killed an orc warlord
 23531 | Orc:2    | Entered Level 2 of the Orcish Mines
 23542 | Orc:2    | Found Voerhaomp's Magic Scroll Shop.
 23618 | Orc:2    | Found a staircase to the Elven Halls.
 23632 | Orc:2    | Reached skill level 5 in Evocations
 24134 | Orc:2    | Found Vuxeirgh's Food Shoppe.
 24134 | Orc:2    | Found Jucueryss's Distillery.
 24135 | Orc:2    | Found Ruczeat's Assorted Antiques.
 24135 | Orc:2    | Found Gitooce's Antique Armour Emporium.
 24158 | Orc:2    | Bought a steaming buckler for 218 gold pieces
 24158 | Orc:2    | Bought a pair of glowing boots for 103 gold pieces
 24158 | Orc:2    | Bought a pair of runed gloves for 103 gold pieces
 24166 | Orc:2    | Identified the +2 buckler of the Equinox {rC+ Dex+2 Slay+2} (You bought it in a shop on level 2 of the Orcish Mines)
 24900 | D:11     | Reached skill level 1 in Shields
 25545 | D:12     | Learned a level 7 spell: Haunt
 26045 | D:13     | Reached skill level 1 in Summonings
 26084 | D:13     | You fall through a shaft for 2 floors!
 26084 | D:15     | Entered Level 15 of the Dungeon
 26484 | D:14     | You fall through a shaft!
 26704 | D:14     | Found a gate to the Vaults.
 26869 | D:14     | Got a dazzling cloak
 26880 | D:14     | Identified the +1 cloak of Ennui {rElec rF+ Stlth+} (You acquired it on level 14 of the Dungeon)
 26927 | D:14     | Reached XP level 16. HP: 92/96 MP: 30/30
 27797 | D:13     | Reached skill level 5 in Shields
 27888 | D:13     | Noticed Borgoz's ghost (journeyman SpAs)
 40486 | D:1      | Reached skill level 1 in Necromancy
 69419 | Spider:1 | Entered Level 1 of the Spider Nest
 69534 | Spider:1 | Noticed Azrael
 83185 | Swamp:1  | Entered Level 1 of the Swamp
 83457 | Swamp:1  | Quit the game

Vault maps used:
D:1:      scummos_arrival_star
D:2:      grunt_temple_overflow_open, uniq_natasha
D:3:      minmay_misc_feat_columns
D:4:      kennysheep_little_box, johnstein_pakellas_dig
D:5:      minmay_temple_entry_nine_rooms, first_bread
D:6:      bloody_trog, hex_large, minmay_curled_crystal
D:7:      kennysheep_windowed_halls, vehumet_altar_wand_db, uniq_pikel
D:8:      lemuel_coloured_pillars_altar, grunt_ministairs_5, sword_in_stone,
          uniq_prince_ribbit1, uniq_joseph
D:9:      grunt_lair_entry_orc_guard_hut, orc_0_dummy,
          hangedman_little_slice_of_home
D:10:     serial_bayou_lagoon_a, uniq_sonja
D:11:     amethyst_killhole
D:12:     hive_lemuel
D:14:     lightli_vaults_fourway_checkpoint, serial_bayou, serial_bayou_pond_c,
          serial_bayou_crossing, serial_bayou_pond_a, serial_bayou_lake_a
D:15:     grunt_enter_depths_magical_seal, minivault_14
Temple:   oiseaux_autumnal_temple_12
Lair:1:   lemuel_fruit_tree, uniq_fannar
Lair:2:   serial_bayou_pond_d, lemuel_fruit_fields, uniq_urug, uniq_nergalle
Lair:3:   grunt_megastairs_4
Lair:4:   grunt_megastairs_5, infiniplex_staircase_pool
Lair:5:   serial_bayou_shore_a, uniq_josephine
Lair:6:   swamp_mist, spider_nest_entry_web_field, basic_altar,
          forest_entry_grove
Lair:7:   wad_woods_structure_01, nicolae_volcano_entry_batcave,
          hangedman_lair_generics_rect
Lair:8:   grunt_lair_end_beastmaster, slime_dummy, serial_bayou_shore_b,
          uniq_snorg
Swamp:1:  evilmike_swamp_ruin_rubble_2
Spider:1: uniq_asterion, uniq_azrael
Orc:1:    nicolae_orc_crystal_geode
Orc:2:    st_orc_ogre_mass, serial_shops, shop

Action                   |  1- 3 |  4- 6 |  7- 9 | 10-12 | 13-15 | 16-18 || total
-------------------------+-------+-------+-------+-------+-------+-------++-------
Melee: Dagger            |    83 |   112 |   312 |   521 |  1837 |   530 ||  3395
       Quick blade       |       |       |       |       |       |    43 ||    43
 Cast: Ensorcelled Hiber |    12 |    26 |    68 |   185 |   168 |    40 ||   499
       Confuse           |       |     4 |    23 |    19 |    50 |    44 ||   140
       Tukima's Dance    |       |       |       |     8 |     6 |       ||    14
       Dazzling Spray    |       |       |       |       |   185 |    54 ||   239
Invok: Call Merchant     |       |       |       |       |     7 |     1 ||     8
Evoke: Wand              |       |     1 |       |    10 |     2 |     2 ||    15
  Use: Potion            |     3 |     2 |     2 |       |     2 |       ||     9
       Scroll            |       |       |    16 |    14 |     8 |     1 ||    39
 Stab: Sleeping          |    15 |    40 |    54 |   175 |   175 |    36 ||   495
       Confused          |       |     2 |    10 |    16 |    22 |    27 ||    77
       Distracted        |       |       |     3 |     8 |    21 |     8 ||    40
       Invisible         |       |       |       |       |   141 |     3 ||   144
  Eat: Corpse            |     1 |     7 |     4 |       |       |       ||    12
